 Dungeon Crawl Stone Soup version 0.27.1-34-g3ba077fa99 (webtiles) character file.

Game seed: 1282417761962784810

550 DildoBatman the Conjurer (level 7, -12/46 HPs)
             Began as a Formicid Conjurer on Jan 18, 2022.
             Mangled by a troll (13 damage)
             ... on level 5 of the Dungeon.
             The game lasted 00:10:10 (3610 turns).

DildoBatman the Conjurer (Formicid Conjurer)        Turns: 3610, Time: 00:10:10

Health: -12/46     AC:  3    Str: 12    XL:     7   Next: 54%
Magic:  7/15       EV: 12    Int: 17    God:
Gold:   286        SH:  0    Dex: 11    Spells: 14/17 levels left

rFire    . . .     SeeInvis +   b - +0 hunting sling
rCold    . . .     Faith    +   (no shield)
rNeg     . . .     Spirit   .   m - +0 robe
rPois    .         Reflect  .   (helmet unavailable)
rElec    .         Harm     .   (no cloak)
rCorr    .         Rampage  .   x - +0 pair of gloves
Will     .....                  (no boots)
Stlth    ++........             q - amulet of faith
HPRegen  0.15/turn              (no ring)
MPRegen  0.14/turn              (no ring)

@: no status effects
A: permanent stasis, dig shafts and tunnels, antennae 3, four strong arms
a: Dig, Shaft Self


You were on level 5 of the Dungeon.
You visited 1 branch of the dungeon, and saw 5 of its levels.

You collected 286 gold pieces.

Inventory:

Hand Weapons
 a - a +0 great sword
 b - a +0 hunting sling (weapon)
 D - a +1 dagger of speed
Missiles
 c - 112 stones (quivered ammo)
 j - 58 arrows
 l - 8 javelins
 r - 21 bolts
 s - 33 sling bullets
 u - 4 boomerangs
 y - 38 poisoned darts
Armour
 m - a +0 robe (worn)
 x - a +0 pair of gloves (worn)
Magical Staves
 C - a staff of earth
Jewellery
 q - an amulet of faith (around neck)
Scrolls
 g - a scroll of noise {unknown}
 h - a scroll of enchant weapon {unknown}
 i - 2 scrolls of teleportation {unknown}
 n - 2 scrolls of amnesia {unknown}
 p - a scroll of vulnerability {unknown}
 t - a scroll of fear {unknown}
 w - 3 scrolls of identify {unknown}
 B - a scroll of brand weapon {unknown}
Potions
 d - 3 potions of haste {unknown}
 e - a potion of flight {unknown}
 f - a potion of brilliance {unknown}
 k - a potion of degeneration {unknown}
 o - 2 potions of curing {unknown}
 v - 2 potions of cancellation {unknown}
 z - a potion of lignification {unknown}
 A - a potion of magic {unknown}


   Skills:
 - Level 1.7 Dodging
 - Level 2.4 Stealth
 * Level 5.9 Spellcasting
 - Level 6.0 Conjurations


You had 14 spell levels left.
You knew the following spells:

 Your Spells              Type           Power      Damage    Failure   Level
a - Searing Ray           Conj           50%        3d5       1%          2
c - Magic Dart            Conj           100%       1d8       1%          1

Your spell library contained the following spells:

 Spells                   Type           Power      Damage    Failure   Level
 Dazzling Flash           Conj/Hex       30%        N/A       12%         3
 Corpse Rot               Necr/Air       N/A        N/A       21%         2
 Ensorcelled Hibernation  Hex/Ice        10%        N/A       21%         2
 Poisonous Vapours        Pois/Air       10%        N/A       21%         2
 Spider Form              Tmut/Pois      2%         N/A       36%         3
 Fulminant Prism          Conj/Hex       7%         3d7       36%         4
 Iskenderun's Mystic Bla  Conj/Tloc      15%        2d5       36%         4
 Freezing Cloud           Conj/Ice/Air   5%         6-21      85%         5
 Shadow Creatures         Summ           N/A        N/A       100%        6


Dungeon Overview and Level Annotations

Branches:
Dungeon (5/15)
 Temple: D:4-7

Altars:
Gozag
Hepliaklqana
Okawaru
Ru

Annotations:
D:1 exclusion: door
D:4 Dowan, Duvessa
D:5 Blork the orc, Prince Ribbit


Innate Abilities, Weirdness & Mutations

You cannot be hasted, slowed, berserked, paralysed or teleported.
You can dig through walls and to a lower floor.
You have a pair of large antennae on your head. (SInv)
Your four strong arms can wield two-handed weapons with a shield.


Message History

Aiming: Magic Dart (safe; 1% risk of failure)
Press: ? - help, Shift-Dir - straight line, f/p - troll
Aim: a troll (lightly wounded, 100% to hit)
The magic dart hits the troll.
The troll is lightly wounded.
Casting: Magic Dart (safe; 1% risk of failure)
Confirm with . or Enter, or press ? or * to list all spells.
Aiming: Searing Ray (safe; 1% risk of failure)
Press: ? - help, Shift-Dir - straight line, f/p - troll
Aim: a troll (lightly wounded, 79% to hit)
The searing ray hits the troll!
The troll is moderately wounded. (Press . to maintain the ray.)
The searing ray hits the troll!
The troll is heavily wounded.
The searing ray misses the troll.
The troll barely misses you. The troll claws you. The troll claws you!
The searing ray hits the troll.
The troll is heavily wounded.
You finish channeling your searing ray.
The troll bites you. The troll claws you! The troll claws you.
Casting: Searing Ray (safe; 1% risk of failure)
Confirm with . or Enter, or press ? or * to list all spells.
Aiming: Searing Ray (safe; 1% risk of failure)
Press: ? - help, Shift-Dir - straight line, f/p - troll
Aim: a troll (heavily wounded, 79% to hit)
The searing ray hits the troll!
The troll is severely wounded. (Press . to maintain the ray.)
The troll bites you! The troll closely misses you. x2
The searing ray hits the troll!
The troll is almost dead.
The troll completely misses you. The troll claws you!
You die...

##..# ..... ##.##
....# #..# ...#
##.## ..# #..#
#.###### ##.##
#..##..###..#
#####..##...##T##
##.......#....@.#
##......#.......##
......F.#
##......###....>..##
........## #.......#
##.......#
#........# #.......#
#.......##
#........# #.......#
#........# ........#
#.......#
#........##
#.......# #.......#
#.........#
#.......# ##....†<#
#.........#
##.......#


You could see a troll.

Vanquished Creatures
  2 ogres
  A kobold brigand (D:4)
  2 scorpions (D:4)
  A hound (D:4)
  A centaur skeleton (D:5)
  6 adders
  2 worms
  3 dart slugs
  3 orcs
  5 bats (D:2)
  4 endoplasms
  3 giant cockroaches
  8 goblins
  4 hobgoblins
  3 jackals (D:2)
  A quokka (D:2)
  7 ball pythons
  2 frilled lizards
  3 kobolds
  8 rats
69 creatures vanquished.

Notes
Turn   | Place    | Note
-------+----------+-------------------------------------------
     0 | D:1      | DildoBatman the Formicid Conjurer began the quest for the
                  | Orb.
     0 | D:1      | Reached XP level 1. HP: 13/13 MP: 3/3
   338 | D:1      | Reached skill level 4 in Conjurations
   338 | D:1      | Reached XP level 2. HP: 19/19 MP: 1/5
   341 | D:1      | Learned a level 2 spell: Searing Ray
   678 | D:1      | Found a faded altar of an unknown god.
  1009 | D:2      | Reached XP level 3. HP: 22/24 MP: 2/6
  1309 | D:2      | Reached XP level 4. HP: 6/30 MP: 0/7
  1479 | D:1      | Became a worshipper of Ru the Awakened
  1480 | D:1      | Fell from the grace of Ru
  1524 | D:2      | Reached skill level 5 in Conjurations
  1941 | D:3      | Found an iron altar of Okawaru.
  2423 | D:4      | Reached XP level 5. HP: 35/35 MP: 4/8
  2428 | D:4      | Found a hazy altar of Hepliaklqana.
  2531 | D:4      | Noticed an ogre
  2675 | D:3      | Killed an ogre
  2676 | D:3      | Reached skill level 6 in Conjurations
  2676 | D:3      | Reached XP level 6. HP: 18/41 MP: 8/10
  2818 | D:4      | Noticed Dowan
  3010 | D:4      | Reached XP level 7. HP: 41/46 MP: 5/14
  3097 | D:4      | Reached skill level 5 in Spellcasting
  3099 | D:4      | Noticed Duvessa
  3256 | D:4      | Found an opulent altar of Gozag.
  3429 | D:5      | Entered Level 5 of the Dungeon
  3482 | D:5      | Noticed Prince Ribbit
  3487 | D:5      | Noticed Blork the orc
  3591 | D:5      | Noticed a troll
  3609 | D:5      | HP: 1/46 [troll (14)]
  3610 | D:5      | Mangled by a troll

Illustrated notes

Levels and vault maps discovered:
D:1:      minmay_arrival_floating_metal, layout_loops_ring,
          dilly_ecumenical_altar_fadedgnrine
D:2:      layout_loops_ring, minmay_vboxes
D:3:      layout_rooms, okawaru_ov_weapons_minmay
D:4:      layout_cave_pools, mainiacjoe_overflow_tiny_flanked,
          amcnicky_altar_gilded, uniq_duvessa
D:5:      gammafunk_cloud_chamber, layout_cave_pods, uniq_pikel,
          uniq_blork_the_orc, uniq_prince_ribbit1

Skill      XL: |  1  2  3  4  5  6  7 |
---------------+----------------------+-----
Conjurations   | 4 5 6 |  6.0
Spellcasting   | 3 4 5 |  5.9
Dodging        | |  1.7
Stealth        | |  2.4

Action                   |  1- 3 |  4- 6 |  7- 9 || total
-------------------------+-------+-------+-------++-------
Melee: Unarmed           |     4 |       |       ||     4
       Club              |     3 |       |       ||     3
 Fire: Hunting sling     |    19 |    38 |    12 ||    69
 Cast: Magic Dart        |    25 |    17 |     1 ||    43
       Searing Ray       |    10 |    19 |    10 ||    39
Invok: Renounce Religion |       |     1 |       ||     1
 Abil: Dig               |    11 |     1 |     1 ||    13
Armor: Robe              |    10 |     1 |       ||    11
Dodge: Dodged            |    18 |     7 |     5 ||    30
